 Dungeon Crawl Stone Soup version 0.26.0-16-gc1dbca0489 (webtiles) character file.

Game seed: 5302402082842637837

6690 hawla the Frost Mage (level 10, -4/85 HPs)
             Began as a White Draconian Conjurer on Jan 19, 2021.
             Was a Believer of Vehumet.
             Slain by a hornet (12 damage)
             ... while paralysed by a hornet
             ... on level 8 of the Dungeon.
             The game lasted 00:36:36 (11205 turns).

hawla the Frost Mage (White Draconian Conjurer)    Turns: 11205, Time: 00:36:38

Health: -4/85      AC: 11    Str:  8    XL:     10   Next: 74%
Magic:  18/21      EV:  1    Int: 21    God:    Vehumet [**....]
Gold:   619        SH:  0    Dex: 10    Spells: 11/23 levels left

rFire    x . .     SeeInvis .   (weapon currently unavailable)
rCold    + + +     Faith    .   (shield currently unavailable)
rNeg     . . .     Spirit   .   (armour unavailable)
rPois    +         Reflect  .   (helmet currently unavailable)
rElec    .         Harm     .   (cloak currently unavailable)
rCorr    .         Rampage  .   (gloves currently unavailable)
Will     .....                  (boots currently unavailable)
Stlth    ++........             z - amulet of regeneration
HPRegen  0.64/turn              i - +4 ring of protection
MPRegen  0.17/turn              (no ring)

@: paralysed, lethally poisoned (-4 -> -6), ice-form
A: large, (breathe frost), unfitting armour, blurry vision 1, weak 1, MP-powered
wands, AC +7
a: End Transformation, Renounce Religion


You were on level 8 of the Dungeon.
You worshipped Vehumet.
Vehumet was pleased with you.
You were a creature of crystalline ice.
You visited 2 branches of the dungeon, and saw 9 of its levels.
You also visited: Ossuary.

You collected 619 gold pieces.

Inventory:

Hand Weapons
 g - a +2 dagger of holy wrath
 m - a +2 dagger of venom
 E - a +0 quarterstaff
Missiles
 a - 20 boomerangs (quivered)
 d - 3 throwing nets
 k - 20 poisoned darts
Armour
 C - a +1 cloak (melded)
Magical Staves
 K - an uncursed staff of air (melded)
Jewellery
 f - an uncursed ring of ice
 h - an uncursed amulet of faith
 i - a +4 ring of protection (left front paw)
 z - an amulet of regeneration (around neck)
Wands
 n - a wand of digging (5)
 v - a wand of enslavement (22)
 y - a wand of flame (18)
Scrolls
 b - 2 scrolls of teleportation
 l - a scroll of magic mapping
 p - 3 scrolls of identify
 q - 3 scrolls of remove curse
 t - 2 scrolls of fog {unknown}
 u - a scroll of noise {unknown}
 x - 3 scrolls of amnesia
 B - a scroll of fear {unknown}
 D - a scroll of acquirement {unknown}
 F - a scroll of random uselessness {unknown}
 I - a scroll of blinking {unknown}
Potions
 c - 3 potions of might
 e - 3 potions of brilliance
 o - 2 potions of flight
 r - 3 potions of lignification
 s - a potion of curing
 w - a potion of haste
 A - 2 potions of heal wounds
 G - a potion of cancellation


   Skills:
 - Level 1.0 Fighting
 - Level 4.0 Staves
 - Level 1.0 Throwing
 - Level 2.1 Dodging
 - Level 2.0 Stealth
 + Level 7.4 Spellcasting
 + Level 7.6 Conjurations
 + Level 6.3 Translocations
 + Level 7.0 Transmutations
 + Level 8.1 Ice Magic
 - Level 2.0 Evocations


You had 11 spell levels left.
You knew the following spells:

 Your Spells              Type           Power        Failure   Level
a - Magic Dart            Conj           100%         1%          1
b - Searing Ray           Conj           80%          1%          2
c - Iskenderun's Mystic   Conj/Tloc      37%          4%          4
d - Ice Form              Ice/Tmut       39%          3%          4
e - Apportation           Tloc           68%          1%          1

Your spell library contained the following spells:

 Spells                   Type           Power        Failure   Level
 Freeze                   Ice            100%         1%          1
 Beastly Appendage        Tmut           74%          1%          1
 Wereblood                Tmut           37%          1%          2
 Dazzling Flash           Conj/Hex       46%          5%          3
 Spider Form              Tmut/Pois      11%          6%          3
 Animate Skeleton         Necr           14%          9%          1
 Corona                   Hex            7%           9%          1
 Summon Small Mammal      Summ           28%          9%          1
 Blade Hands              Tmut           18%          13%         5
 Fulminant Prism          Conj/Hex       11%          17%         4


Dungeon Overview and Level Annotations

Branches:
Dungeon (8/15)             Temple (1/1) D:6            Lair (0/6) D:8
Ossuary (visited)

Altars:
Ashenzari
Cheibriados
Dithmenos
Elyvilon
Fedhas
Gozag
Hepliaklqana
Kikubaaqudgha
Makhleb
Nemelex Xobeh
Okawaru
Qazlal
Ru
Sif Muna
Trog
Uskayaw
Vehumet
Wu Jian
Xom
Yredelemnul
Zin
The Shining One


Innate Abilities, Weirdness & Mutations

((You can breathe waves of freezing cold.))
((You can buffet flying creatures when you breathe cold.))
((Your icy white scales are hard. (AC +7)))
You cannot fit into any form of body armour.
((Your flesh is cold resistant. (rC+)))
((You are cold-blooded and may be slowed by cold attacks.))
Scrolls take you a little longer to read.
You are weak. (Str -2)
You expend magic power (3 MP) to strengthen your wands.


Message History

The hornet is severely wounded.
You feel sick. The hornet stings you.
You hit the hornet. You freeze the hornet.
The hornet is almost dead.
You feel sick. The hornet stings you! The hornet closely misses you.
You completely miss the hornet.
The hornet is almost dead.
You feel sick. The hornet stings you!
You barely miss the hornet.
The hornet is almost dead.
You feel sick. The hornet barely misses you. The hornet stings you!
* * * LOW HITPOINT WARNING * * *
You feel yourself slow down.
You closely miss the hornet.
The hornet is almost dead.
You feel yourself speed up.
You feel sick. The hornet stings you!
* * * LOW HITPOINT WARNING * * *
You suddenly lose the ability to move!
The hornet stings you!
You die...

,8,,,,,,,,,#...#.#.....#..#.# #.
,,,#########...#.#..........# #.
,,,+...........#.#####......# #.
,,,#...........#....##......# #.
,,,#...........#.......###..####.
####...######)##.................
.......#,,*#..##...........>.....
.......#..##.###....##.#########.
.......#.....[.†Y...##.# #.
########..######y...##.# #.
,,,,,..................# ##
*,***###......#..#######
,,,,,,.....####..# *,**,*##..**
#..# *,**,* #.,****#..# *,**,*
#,,,,,,...# *,**,* *,*****#.##


You could see a hornet.

Vanquished Creatures
  Harold (D:7)
  Pikel (D:7)
  Prince Ribbit (D:6)
  7 yaks
  A steam dragon (D:8)
  Eustachio (D:4)
  Edmund (D:6)
  Duvessa (D:7)
  2 water moccasins
  An orc warrior (D:8)
  7 black bears
  2 sky beasts
  2 ice beasts
  3 ogres
  2 centaurs
  A big kobold (D:8)
  7 bullfrogs
  Dowan (D:7)
  A scorpion (D:6)
  12 wights
  A howler monkey (D:8)
  2 bullfrog zombies
  A centaur zombie (D:7)
  2 bullfrog skeletons
  A hound (D:7)
  2 orc priests (D:4)
  10 orc wizards
  A gnoll shaman (D:6)
  An iguana (D:6)
  A worker ant (D:8)
  8 mummies (Ossuary)
  4 gnolls
  10 adders
  A white imp (D:6)
  An ufetubus (D:8)
  An ooze (D:1)
  An adder skeleton (D:4)
  3 adder zombies
  2 worms
  4 leopard geckos
  26 orcs
  A ball python (D:3)
  6 bats
  A bat zombie (D:2)
  9 giant cockroaches
  2 gnoll zombies (Ossuary)
  6 goblins
  6 hobgoblins
  4 jackals
  A quokka (D:3)
  10 frilled lizards
  4 hobgoblin zombies (Ossuary)
  A jackal skeleton (D:7)
  9 kobolds
  A kobold zombie (Ossuary)
  2 leopard gecko skeletons
  An orc zombie (Ossuary)
  A quokka skeleton (D:2)
  6 rats (D:2)
  A bush (D:1)
210 creatures vanquished.

Vanquished Creatures (others)
  30 fungi (D:8)
  38 plants
68 creatures vanquished.

Grand Total: 278 creatures vanquished

Notes
Turn   | Place    | Note
-------+----------+-------------------------------------------
     0 | D:1      | hawla the Draconian Conjurer began the quest for the Orb.
     0 | D:1      | Reached XP level 1. HP: 14/14 MP: 3/3
   303 | D:1      | Reached XP level 2. HP: 22/22 MP: 3/5
   340 | D:1      | Reached skill level 1 in Fighting
   494 | D:1      | Learned a level 2 spell: Searing Ray
   841 | D:1      | Reached XP level 3. HP: 28/28 MP: 1/7
  2687 | D:3      | Noticed an ogre
  2694 | D:3      | Killed an ogre
  2695 | D:3      | Reached XP level 4. HP: 35/35 MP: 2/10
  2695 | D:3      | Reached XP level 5. HP: 40/40 MP: 2/12
  2700 | D:3      | Learned a level 4 spell: Iskenderun's Mystic Blast
  3023 | D:3      | Reached skill level 1 in Translocations
  3216 | D:3      | Reached skill level 5 in Spellcasting
  3216 | D:3      | Reached XP level 6. HP: 43/47 MP: 0/13
  4093 | D:4      | Reached skill level 1 in Throwing
  4094 | D:4      | Reached skill level 5 in Conjurations
  4207 | D:4      | Your scales start taking on an icy white colour.
  4207 | D:4      | Reached XP level 7. HP: 52/52 MP: 8/14
  4207 | D:4      | Gained mutation: Your flesh is cold resistant. (rC+) [White
                  | Draconian growth]
  4236 | D:4      | Learned a level 4 spell: Ice Form
  4322 | D:4      | Noticed Eustachio
  4338 | D:4      | Killed Eustachio
  4339 | D:4      | Reached skill level 1 in Transmutations
  4339 | D:4      | Reached skill level 1 in Ice Magic
  5092 | D:5      | Entered Level 5 of the Dungeon
  5118 | D:5      | Found a white marble altar of Elyvilon.
  5507 | D:5      | Reached skill level 2 in Ice Magic
  5689 | D:5      | Reached XP level 8. HP: 52/59 MP: 3/16
  6235 | D:6      | Reached skill level 3 in Ice Magic
  6388 | D:6      | Noticed Edmund
  6396 | D:6      | Noticed Prince Ribbit
  6403 | D:6      | Killed Edmund
  6590 | D:6      | Killed Prince Ribbit
  6591 | D:6      | Reached skill level 4 in Ice Magic
  6699 | D:6      | Learned a level 1 spell: Apportation
  6940 | D:6      | Reached skill level 5 in Ice Magic
  7033 | D:6      | Reached XP level 9. HP: 52/64 MP: 15/18
  7234 | D:6      | Found a staircase to the Ecumenical Temple.
  7251 | Temple   | Entered the Ecumenical Temple
  7577 | Temple   | Became a worshipper of Vehumet
  7799 | D:7      | Noticed Harold
  7835 | D:7      | Killed Harold
  7836 | D:7      | Reached skill level 5 in Transmutations
  7836 | D:7      | Reached skill level 6 in Ice Magic
  7836 | D:7      | Reached skill level 1 in Evocations
  8022 | D:7      | Noticed Dowan
  8023 | D:7      | Noticed Duvessa
  8036 | D:7      | Killed Duvessa
  8037 | D:7      | Reached skill level 5 in Translocations
  8041 | D:7      | Killed Dowan
  8708 | D:7      | Reached skill level 7 in Ice Magic
  8714 | D:7      | Reached XP level 10. HP: 68/71 MP: 9/20
  8818 | D:7      | Noticed Pikel
  8837 | D:7      | Killed Pikel
  9051 | D:7      | Reached * piety under Vehumet
  9051 | D:7      | Offered knowledge of Foxfire by Vehumet.
  9501 | D:8      | Found a shadowy altar of Dithmenos.
  9522 | D:8      | Found a sand-covered staircase.
  9530 | Ossuary  | Entered an ossuary
 10268 | D:8      | Offered knowledge of Freeze by Vehumet.
 10271 | D:8      | Reached ** piety under Vehumet
 10313 | D:8      | Gained mutation: Scrolls take you a little longer to read.
                  | [potion of mutation]
 10313 | D:8      | Gained mutation: You are weak. (Str -2) [potion of
                  | mutation]
 10313 | D:8      | Gained mutation: You expend magic power (3 MP) to
                  | strengthen your wands. [potion of mutation]
 10893 | D:8      | Reached skill level 8 in Ice Magic
 10970 | D:8      | Found a staircase to the Lair.
 11205 | D:8      | Paralysed by a hornet for 3 turns
 11205 | D:8      | Slain by a hornet

Illustrated notes

Levels and vault maps discovered:
D:1:      scummos_arrival_simple_crosswalls, layout_basic, serial_forest,
          infiniplex_forest_lined_room_, infiniplex_forest_lined_2,
          infiniplex_forest_corner_1, infiniplex_forest_straight_1,
          infiniplex_forest_split, infiniplex_forest_lined_corner,
          infiniplex_forest_clump_curved, minmay_misc_feat_diagonals
D:2:      layout_loops_ring, serial_undead, serial_undead_a, serial_undead_f,
          serial_undead_c, serial_undead_a
D:3:      layout_loops_ring, grunt_ministairs_3
D:4:      layout_basic, serial_glass, glass_columns_c, glass_columns_c,
          glass_columns_b, minmay_strange_pillars, minmay_strange_pillars,
          item_on_display_a, uniq_eustachio
D:5:      layout_loops_ring, elyvilon_altar_1
D:6:      layout_rooms, minmay_temple_entry_butterflies,
          hangedman_minor_gate_pass, uniq_prince_ribbit1, uniq_edmund
D:7:      layout_rooms, serial_co_window_serial, co_window_corner_a,
          co_window_corner_a, co_window_corner_a, co_window_of_opportunity_a,
          co_window_of_opportunity_a, co_window_corner_cb, co_window_broadway_a,
          co_window_cross_2, co_window_of_opportunity_b, serial_park_tiny_pond,
          uniq_harold, uniq_pikel, uniq_duvessa
D:8:      kennysheep_blocky_room, layout_basic, due_lair_maze_entry_diamond,
          nicolae_ossuary_entry_ruins, grunt_dithmenos_smoke_and_mirrors
Temple:   regret_index_temple_sigil_plot

Skill      XL: |  1  2  3  4  5  6  7  8  9 10 |
---------------+-------------------------------+-----
Stealth        | 2 |  2.0
Dodging        | 2 |  2.1
Fighting       | 1 |  1.0
Spellcasting   | 4 5 6 7 |  7.4
Translocations | 1 3 4 5 6 |  6.3
Throwing       | 1 |  1.0
Conjurations   | 5 6 7 |  7.6
Transmutations | 2 4 6 7 |  7.0
Ice Magic      | 2 5 7 8 |  8.1
Staves         | 2 4 |  4.0
Evocations     | 1 2 |  2.0

Action                   |  1- 3 |  4- 6 |  7- 9 | 10-12 || total
-------------------------+-------+-------+-------+-------++-------
Melee: Whip              |   257 |     3 |       |       ||   260
       Dagger            |     4 |     1 |   103 |    49 ||   157
       Tailslap          |    55 |       |    10 |     4 ||    69
       Unarmed           |       |       |     2 |    16 ||    18
       Staff             |       |       |       |    17 ||    17
Throw: Boomerang         |       |       |     1 |       ||     1
 Cast: Magic Dart        |    49 |    32 |    61 |    50 ||   192
       Searing Ray       |    18 |    21 |    45 |    41 ||   125
       Iskenderun's Myst |       |     1 |    14 |     9 ||    24
       Ice Form          |       |       |     1 |     1 ||     2
 Abil: Breathe Frost     |       |       |     1 |     1 ||     2
Evoke: Wand              |       |       |     2 |       ||     2
  Use: Scroll            |     7 |     1 |     6 |     4 ||    18
       Potion            |       |       |     7 |     7 ||    14
Armor: Skin              |    12 |     8 |    70 |   134 ||   224
Dodge: Dodged            |    39 |    12 |    80 |    88 ||   219
